3L
PORTLAND EVERGREENS @ LAS VEGAS FLAMINGOS
06/19/2029
 
TOP OF THE 1ST
Portland Evergreens batting - Pitching for Las Vegas Flamingos : LHP Shunen Takahashi
Pitching: LHP Shunen Takahashi
Batting: LHB John Ennis 0-0: Ball
1-0: Ball
2-0: Called Strike
2-1: Ground out 6-3 (Groundball, 6)
Batting: LHB Adrián Gómez 0-0: Ball
1-0: Foul Ball, location: 2F
1-1: Foul Ball, location: 2F
1-2: Foul Ball, location: 2F
1-2: SINGLE (Groundball, 56D)
Batting: LHB Chris Payling 0-0: Fly out, F9 (Line Drive, 89D)
Batting: RHB Ty Struck 0-0: Ball
1-0: Foul Ball, location: 2F
1-1: Ball
2-1: SINGLE (Line Drive, 89S)
Adrián Gómez to second
Runner from 2nd tries for 3rd, SAFE, no throw
Batting: RHB Micah Coffey 0-0: Called Strike
0-1: Ground out 6-3 (Groundball, 56)
Top of the 1st over - 0 runs, 2 hits, 0 errors, 2 left on base; Portland 0 - Las Vegas 0
BOTTOM OF THE 1ST
Las Vegas Flamingos batting - Pitching for Portland Evergreens : LHP George Eisenhauer
Pitching: LHP George Eisenhauer
Batting: RHB Sake van Arem 0-0: Foul Ball, location: 2F
0-1: Ball
1-1: DOUBLE (Flyball, 78D)
Batting: LHB Victor Adams 0-0: Called Strike
0-1: Ball
1-1: Ball
2-1: Called Strike
2-2: SINGLE (Line Drive, 89S)
Sake van Arem to third
Runner from 3rd tries for Home, SAFE, throw made home
Batting: SHB Wilbert Carter 0-0: Grounds into double play, 1-6-3 (Groundball, P)
Batting: LHB Ruud van Ineveld 0-0: Ball
1-0: Ball
2-0: Called Strike
2-1: SINGLE (Line Drive, 9LS)
Batting: RHB Jeff Young 0-0: Ball
Ruud van Ineveld is caught stealing 2nd base
Bottom of the 1st over - 1 run, 3 hits, 0 errors, 0 left on base; Portland 0 - Las Vegas 1
TOP OF THE 2ND
Portland Evergreens batting - Pitching for Las Vegas Flamingos : LHP Shunen Takahashi
Batting: SHB Chris Williamson 0-0: Ball
1-0: Foul Ball, location: 2F
1-1: Ball
2-1: Ball
3-1: Swinging Strike
3-2: Strikes out looking
Batting: RHB Bubba Blevins 0-0: Ball
1-0: Ground out 4-3 (Groundball, 4S)
Batting: LHB Clay Rush 0-0: Ball
1-0: Ground out 4-3 (Groundball, 34D)
Top of the 2nd over - 0 runs, 0 hits, 0 errors, 0 left on base; Portland 0 - Las Vegas 1
BOTTOM OF THE 2ND
Las Vegas Flamingos batting - Pitching for Portland Evergreens : LHP George Eisenhauer
Batting: RHB Jeff Young 0-0: Swinging Strike
0-1: Ball
1-1: Ball
2-1: Ball
3-1: Called Strike
3-2: Foul Ball, location: 2F
3-2: Fly out, F6 (Line Drive, 6)
Batting: RHB Sergio Ortíz 0-0: SOLO HOME RUN (Line Drive, 7D), Distance : 404 ft
Batting: RHB Xavier Hernández 0-0: Ball
1-0: Called Strike
1-1: Foul Ball, location: 2F
1-2: Ball
2-2: Strikes out swinging
Batting: LHB José Alonso 0-0: Ball
1-0: Fly out, F9 (Flyball, 9S)
Bottom of the 2nd over - 1 run, 1 hit, 0 errors, 0 left on base; Portland 0 - Las Vegas 2
TOP OF THE 3RD
Portland Evergreens batting - Pitching for Las Vegas Flamingos : LHP Shunen Takahashi
Batting: RHB Silvio Bonauiti 0-0: Ball
1-0: Swinging Strike
1-1: SINGLE (Groundball, 56S) (infield hit)
Batting: LHB John Ennis 0-0: Ball
1-0: Called Strike
1-1: Ball
2-1: Ball
3-1: Foul Ball, location: 2F
3-2: Ground out 4-3 (Groundball, 4S)
Silvio Bonauiti to second
Batting: LHB Adrián Gómez 0-0: Ball
1-0: Ball
2-0: Called Strike
2-1: Called Strike
2-2: Strikes out swinging
Batting: LHB Chris Payling 0-0: Ball
1-0: Fly out, F7 (Flyball, 7S)
Top of the 3rd over - 0 runs, 1 hit, 0 errors, 1 left on base; Portland 0 - Las Vegas 2
BOTTOM OF THE 3RD
Las Vegas Flamingos batting - Pitching for Portland Evergreens : LHP George Eisenhauer
Batting: SHB Glyn Bolasky 0-0: Foul Ball, location: 2F
0-1: Ball
1-1: DOUBLE (Line Drive, 9D)
Batting: RHB Sake van Arem 0-0: Ball
1-0: Called Strike
1-1: Ball
2-1: Called Strike
2-2: Foul Ball, location: 2F
2-2: Fly out, F7 (Flyball, 78S)
Batting: LHB Victor Adams 0-0: Ball
1-0: Fly out, F8 (Flyball, 78D)
Batting: SHB Wilbert Carter 0-0: Called Strike
0-1: Ball
1-1: Ball
2-1: Ball
3-1: Foul Ball, location: 2F
3-2: Strikes out swinging
Bottom of the 3rd over - 0 runs, 1 hit, 0 errors, 1 left on base; Portland 0 - Las Vegas 2
TOP OF THE 4TH
Portland Evergreens batting - Pitching for Las Vegas Flamingos : LHP Shunen Takahashi
Batting: RHB Ty Struck 0-0: Ball
1-0: DOUBLE (Flyball, 7LD)
Batting: RHB Micah Coffey 0-0: Called Strike
0-1: Foul Ball, location: 2F
0-2: Ball
1-2: Fly out, F8 (Flyball, 8RD)
Batting: SHB Chris Williamson 0-0: Ball
1-0: Foul Ball, location: 2F
1-1: Called Strike
1-2: Fly out, F7 (Flyball, 7LM)
Batting: RHB Bubba Blevins 0-0: Foul Ball, location: 2F
0-1: Ball
1-1: Ground out 4-3 (Groundball, 4D)
Top of the 4th over - 0 runs, 1 hit, 0 errors, 1 left on base; Portland 0 - Las Vegas 2
BOTTOM OF THE 4TH
Las Vegas Flamingos batting - Pitching for Portland Evergreens : LHP George Eisenhauer
Batting: LHB Ruud van Ineveld 0-0: Ground out 3-1 (Groundball, 34)
Batting: RHB Jeff Young 0-0: Ground out 5-3 (Groundball, 5)
Batting: RHB Sergio Ortíz 0-0: Called Strike
0-1: Fly out, F6 (Line Drive, 6)
Bottom of the 4th over - 0 runs, 0 hits, 0 errors, 0 left on base; Portland 0 - Las Vegas 2
TOP OF THE 5TH
Portland Evergreens batting - Pitching for Las Vegas Flamingos : LHP Shunen Takahashi
Batting: LHB Clay Rush 0-0: Ball
1-0: Called Strike
1-1: Ball
2-1: Ground out 4-3 (Groundball, 34D)
Batting: RHB Silvio Bonauiti 0-0: Ball
1-0: Ball
2-0: SINGLE (Groundball, 6MD)
Batting: LHB John Ennis 0-0: Ball
Silvio Bonauiti is caught stealing 2nd base
1-0: Foul Ball, location: 2F
1-1: Ball
2-1: Foul Ball, location: 2F
2-2: Ground out U3 (Groundball, 3L)
Top of the 5th over - 0 runs, 1 hit, 0 errors, 0 left on base; Portland 0 - Las Vegas 2
BOTTOM OF THE 5TH
Las Vegas Flamingos batting - Pitching for Portland Evergreens : LHP George Eisenhauer
Batting: RHB Xavier Hernández 0-0: Foul Ball, location: 2F
0-1: Called Strike
0-2: Ball
1-2: SINGLE (Flyball, 89S)
Batting: LHB José Alonso 0-0: Called Strike
0-1: SINGLE (Line Drive, 4M)
Xavier Hernández to second
Batting: SHB Glyn Bolasky 0-0: Bunted foul
0-1: Sac Bunt - play at first, batter OUT! 1-4
Xavier Hernández to third
José Alonso to second
Batting: RHB Sake van Arem 0-0: Called Strike
0-1: Called Strike
0-2: Foul Ball, location: 2F
0-2: Ball
1-2: Strikes out swinging
Batting: LHB Victor Adams 0-0: SINGLE (Line Drive, 6MD)
Xavier Hernández scores
José Alonso to third
Runner from 3rd tries for Home, SAFE, no throw
Batting: SHB Wilbert Carter 0-0: Ground out 5-3 (Groundball, 56S)
Bottom of the 5th over - 2 runs, 3 hits, 0 errors, 1 left on base; Portland 0 - Las Vegas 4
TOP OF THE 6TH
Portland Evergreens batting - Pitching for Las Vegas Flamingos : LHP Shunen Takahashi
Batting: LHB Adrián Gómez 0-0: Ball
1-0: Ball
2-0: Called Strike
2-1: Ground out 6-3 (Groundball, 6)
Batting: LHB Chris Payling 0-0: Called Strike
0-1: Called Strike
0-2: Ball
1-2: Ground out 4-3 (Groundball, 4)
Batting: RHB Ty Struck 0-0: Ball
1-0: Called Strike
1-1: Swinging Strike
1-2: Foul Ball, location: 2F
1-2: Foul Ball, location: 2F
1-2: Ground out 5-3 (Groundball, 56S)
Top of the 6th over - 0 runs, 0 hits, 0 errors, 0 left on base; Portland 0 - Las Vegas 4
BOTTOM OF THE 6TH
Las Vegas Flamingos batting - Pitching for Portland Evergreens : LHP George Eisenhauer
Batting: LHB Ruud van Ineveld 0-0: Foul Ball, location: 2F
0-1: Ball
1-1: Ball
2-1: Ground out U3 (Groundball, 3L)
Batting: RHB Jeff Young 0-0: Ground out 5-3 (Groundball, 56S)
Batting: RHB Sergio Ortíz 0-0: Called Strike
0-1: Foul Ball, location: 2F
0-2: Foul Ball, location: 2F
0-2: Ball
1-2: Ball
2-2: Strikes out swinging
Bottom of the 6th over - 0 runs, 0 hits, 0 errors, 0 left on base; Portland 0 - Las Vegas 4
TOP OF THE 7TH
Portland Evergreens batting - Pitching for Las Vegas Flamingos : LHP Shunen Takahashi
Batting: RHB Micah Coffey 0-0: Foul Ball, location: 2F
0-1: Ground out 4-3 (Groundball, 4D)
Batting: SHB Chris Williamson 0-0: Foul Ball, location: 2F
0-1: DOUBLE (Line Drive, 9D)
Batting: RHB Bubba Blevins 0-0: Ball
1-0: Called Strike
Chris Williamson steals 3rd base
1-1: Swinging Strike
1-2: Ground out 1-3 (Groundball, 15)
Batting: LHB Clay Rush 0-0: Ball
1-0: Ball
2-0: Called Strike
2-1: Called Strike
2-2: Ball
3-2: Ground out 6-3 (Groundball, 4MD)
Top of the 7th over - 0 runs, 1 hit, 0 errors, 1 left on base; Portland 0 - Las Vegas 4
BOTTOM OF THE 7TH
Las Vegas Flamingos batting - Pitching for Portland Evergreens : LHP George Eisenhauer
Batting: RHB Xavier Hernández 0-0: Ball
1-0: Called Strike
1-1: Ball
2-1: Foul Ball, location: 2F
2-2: Ground out 6-3 (Groundball, 6M)
Batting: LHB José Alonso 0-0: Ball
1-0: Swinging Strike
1-1: Foul Ball, location: 2F
1-2: Foul Ball, location: 2F
1-2: Strikes out swinging
Batting: SHB Glyn Bolasky 0-0: Swinging Strike
0-1: Foul Ball, location: 2F
0-2: Strikes out swinging
Bottom of the 7th over - 0 runs, 0 hits, 0 errors, 0 left on base; Portland 0 - Las Vegas 4
TOP OF THE 8TH
Portland Evergreens batting - Pitching for Las Vegas Flamingos : LHP Shunen Takahashi
Batting: RHB Silvio Bonauiti 0-0: Ball
1-0: Foul Ball, location: 2F
1-1: Foul Ball, location: 2F
1-2: Foul Ball, location: 2F
1-2: Ground out 5-3 (Groundball, 56S)
Pitching: LHP Jeff Bradshaw
Batting: LHB John Ennis 0-0: Ball
1-0: Foul Ball, location: 2F
1-1: Ball
2-1: Ball
3-1: Base on Balls
Batting: LHB Adrián Gómez 0-0: Foul Ball, location: 2F
0-1: Foul Ball, location: 2F
0-2: Ball
1-2: Ball
2-2: Ball
3-2: Strikes out swinging
John Ennis steals 2nd base
Batter strikes out.
Batting: LHB Chris Payling 0-0: Ball
1-0: SINGLE (Groundball, 25) (infield hit)
John Ennis to third
Batting: RHB Ty Struck 0-0: Swinging Strike
0-1: Ball
1-1: Foul Ball, location: 2F
1-2: Foul Ball, location: 2F
1-2: Ball
2-2: Foul Ball, location: 2F
2-2: Ball
3-2: Foul Ball, location: 2F
3-2: Strikes out swinging
Top of the 8th over - 0 runs, 1 hit, 0 errors, 2 left on base; Portland 0 - Las Vegas 4
BOTTOM OF THE 8TH
Las Vegas Flamingos batting - Pitching for Portland Evergreens : LHP George Eisenhauer
Batting: RHB Sake van Arem 0-0: Foul Ball, location: 2F
0-1: Fly out, F6 (Line Drive, 6)
Batting: LHB Victor Adams 0-0: Ground out U3 (Groundball, 34S)
Batting: SHB Wilbert Carter 0-0: Called Strike
0-1: Single, Error in OF, E7, batter to second base
Batting: LHB Ruud van Ineveld 0-0: Ball
1-0: Swinging Strike
1-1: Swinging Strike
1-2: Ball
2-2: SINGLE (Line Drive, 9S)
Wilbert Carter to third
Runner from 3rd tries for Home, SAFE, no throw
Pitching: RHP Ricardo Gómez
Batting: RHB Jeff Young 0-0: Ball
1-0: Ball
2-0: Called Strike
2-1: Foul Ball, location: 2F
2-2: Fly out, F6 (Line Drive, 6)
Bottom of the 8th over - 1 run, 2 hits, 1 error, 1 left on base; Portland 0 - Las Vegas 5
TOP OF THE 9TH
Portland Evergreens batting - Pitching for Las Vegas Flamingos : LHP Jeff Bradshaw
Batting: RHB Micah Coffey 0-0: Foul Ball, location: 2F
0-1: Ball
1-1: Fly out, F4 (Popup, 4MD)
Batting: SHB Chris Williamson 0-0: Ball
1-0: Ball
2-0: Called Strike
2-1: Fly out, F8 (Line Drive, 8RXD)
Batting: RHB Bubba Blevins 0-0: Ball
1-0: SINGLE (Line Drive, 8LS)
Batting: LHB Clay Rush 0-0: DOUBLE (Line Drive, 9LM)
Bubba Blevins to third
Batting: RHB Silvio Bonauiti 0-0: Ball
1-0: Swinging Strike
1-1: Ball
2-1: Foul Ball, location: 2F
2-2: Ball
3-2: Fly out, F8 (Flyball, 8RM)
Top of the 9th over - 0 runs, 2 hits, 0 errors, 2 left on base; Portland 0 - Las Vegas 5
Tuesday, December 19th, 2017 - OOTP Baseball 18.8 Build 76